 Dungeon Crawl Stone Soup version 0.19.1 (webtiles) character file.

51 Crag the Stinger (level 3, -1/31 HPs)
             Began as a Naga Venom Mage on Dec 5, 2016.
             Slain by a gnoll
             ... wielding a +0 spear
              (3 damage)
             ... on level 2 of the Dungeon.
             The game lasted 00:05:53 (1625 turns).

Crag the Stinger (Naga Venom Mage)                  Turns: 1625, Time: 00:05:53

Health: -1/31      AC:  2    Str: 11    XL:     3   Next: 83%
Magic:  0/6        EV: 10    Int: 15    God:
Gold:   27         SH:  0    Dex: 11    Spells: 2 memorised, 2 levels left

rFire  . . .     SeeInvis +       - Unarmed
rCold  . . .     Gourm    .     a - +0 robe
rNeg   . . .     Faith    .     (no shield)
rPois  +         Spirit   .     (no helmet)
rElec  .         Reflect  .     (no cloak)
rCorr  .         Harm     .     (no gloves)
MR     .....                    (no barding)
Stlth  ++........               (no amulet)
                                (no ring)
                                (no ring)

@: very slightly contaminated, very slow
A: see invisible, deformed body, poison resistance, slowness 2, slow metabolism
1, spit poison 1, AC +1
a: Spit Poison


You were on level 2 of the Dungeon.
You were not hungry.

You visited 1 branch of the dungeon, and saw 2 of its levels.

You collected 27 gold pieces.

Inventory:

Armour
 a - a +0 robe (worn)
Scrolls
 d - a scroll of identify {unknown}
 g - a scroll of random uselessness {unknown}
Books
 b - a Young Poisoner's Handbook

   Spells                             Type                      Level
   a - Sting                          Conjuration/Poison           1
   b - Mephitic Cloud                 Conjuration/Poison/Air       3
   c - Olgreb's Toxic Radiance        Poison                       4
   d - Alistair's Intoxication        Transmutation/Poison         5
   e - Venom Bolt                     Conjuration/Poison           5
Comestibles
 c - a bread ration
 h - a chunk of flesh
 i - a slice of pizza
 j - 3 fruits


   Skills:
 * Level 1.2 Fighting
 - Level 1.5 Dodging
 - Level 3.0 Stealth
 * Level 1.9 Unarmed Combat
 + Level 2.4 Spellcasting
 + Level 1.2 Conjurations
 - Level 5.3 Poison Magic


You had 2 spell levels left.
You knew the following spells:

 Your Spells              Type           Power        Failure   Level  Hunger
a - Sting                 Conj/Pois      ##..         8%          1    #......
b - Mephitic Cloud        Conj/Pois/Air  #.......     30%         3    ###....


Dungeon Overview and Level Annotations

Branches:
Dungeon (2/15)

Altars:


Innate Abilities, Weirdness & Mutations

You cannot wear boots.
Your serpentine skin is tough. (AC +1)
You have supernaturally acute eyesight. (SInv)
Armour fits poorly on your strangely shaped body.
Your system is resistant to poisons. (rPois)
You cover ground very slowly.
You have a slow metabolism.
You can spit poison.


Message History

The gnoll is engulfed in noxious fumes.
The gnoll appears confused.
Press: ? - help, Shift-Dir - straight line, f/p - gnoll
Aim: a gnoll, wielding a spear (noxious fumes, lightly wounded, confused)
The splash of poison hits the gnoll.
The gnoll appears unharmed.
The gnoll is lightly wounded.
You feel slightly more hungry.
The gnoll is engulfed in noxious fumes.
The gnoll appears confused.
The gnoll is engulfed in noxious fumes.
The gnoll appears confused.
The gnoll hits you with a spear.
* * * LOW HITPOINT WARNING * * *
You hit the gnoll.
The gnoll is heavily wounded.
You hit the gnoll.
The gnoll is almost dead.
Casting: Mephitic Cloud
Confirm with . or Enter, or press ? or * to list all spells.
You don't have enough magic to cast that spell.
You have got your breath back.
The gnoll hits you with a spear.
You die...

#.. ..#..#
### #.#..#
#.#..#
######.#..#
.....g..).##
######.##..#
#. ##)# #g
#.# #. #@#
g. #g# ..
..# .. ....
#####


You could see a gnoll (confused).

Vanquished Creatures
  A gnoll (D:2)
  An adder (D:2)
  A giant cockroach (D:2)
  5 goblins
  3 hobgoblins (D:1)
  3 jackals (D:1)
  5 kobolds
  2 ball pythons
  5 bats
  3 frilled lizards
  3 rats
32 creatures vanquished.

Notes
Turn   | Place    | Note
-------+----------+-------------------------------------------
     0 | D:1      | Crag the Naga Venom Mage began the quest for the Orb.
     0 | D:1      | Reached XP level 1. HP: 15/15 MP: 3/3
   399 | D:1      | Reached XP level 2. HP: 24/24 MP: 5/5
   691 | D:1      | Reached skill level 1 in Unarmed Combat
   696 | D:1      | Reached skill level 1 in Conjurations
  1183 | D:1      | Reached XP level 3. HP: 30/30 MP: 3/6
  1216 | D:1      | Learned a level 3 spell: Mephitic Cloud
  1316 | D:2      | Reached skill level 1 in Fighting
  1625 | D:2      | Slain by a gnoll

Skill      XL: |  1  2  3 |
---------------+----------+-----
Unarmed Combat | 1 |  1.9
Conjurations   | 1 |  1.2
Fighting       | 1 |  1.2
Dodging        | |  1.5
Stealth        | |  3.0
Spellcasting   | |  2.4
Poison Magic   | |  5.3

Action                   || total
-------------------------++-------
Melee: Unarmed           ||    58
       Punch             ||     2
 Cast: Sting             ||    40
       Mephitic Cloud    ||     3
 Abil: Spit Poison       ||    32
  Use: Potion            ||     2
  Eat: Chunk             ||     4
Armor: Robe              ||    17
Dodge: Dodged            ||    57
